 Dungeon Crawl Stone Soup version 0.25-a0-96-g4073cf80fb (webtiles) character file.

Game seed: 14782769128912810207, levelgen mode: deterministic

7 MisterFreud the Scratcher (level 1, -1/9 HPs)
             Began as a Felid Transmuter on Nov 11, 2019.
             Slain by a leopard gecko (5 damage)
             ... on level 1 of the Dungeon.
             The game lasted 00:00:26 (246 turns).

MisterFreud the Scratcher (Felid Transmuter)         Turns: 246, Time: 00:00:26

Health: -1/9       AC:  1    Str:  6    XL:     1   Next: 83%
Magic:  3/4        EV: 18    Int: 14    God:
Gold:   13         SH:  0    Dex: 16    Spells: 3/4 levels left
                                        Lives:  0   Deaths: 0

rFire    . . .     SeeInvis +     - Unarmed
rCold    . . .     Gourm    .   (shield unavailable)
rNeg     . . .     Faith    .   (armour unavailable)
rPois    .         Spirit   .   (helmet unavailable)
rElec    .         Reflect  .   (cloak unavailable)
rCorr    .         Harm     .   (gloves unavailable)
MR       .....                  (boots unavailable)
Stlth    ++........             (no amulet)
HPRegen  0.03/turn              (no ring)
MPRegen  0.09/turn              (no ring)

@: appendage (expiring), quick
A: very small, no armour, no weapons or thrown items, stealth, claws 1, fangs 3,
horns 2, see invisible, carnivore, speed 1, shaggy fur 1, slow metabolism 1,
sharp paws
a: End Transformation


You were on level 1 of the Dungeon.
You were not hungry.
You had grown temporary horns.
You visited 1 branch of the dungeon, and saw 1 of its levels.

You collected 13 gold pieces.

Inventory:

Missiles
 a - 12 arrows
Scrolls
 b - a scroll of enchant armour {unknown}
 d - a scroll of identify {unknown}
Comestibles
 c - 2 rations


   Skills:
 - Level 1.0 Fighting
 - Level 2.6 Dodging
 - Level 3.0 Unarmed Combat
 + Level 2.1 Spellcasting
 * Level 2.7 Transmutations


You had 3 spell levels left.
You knew the following spells:

 Your Spells              Type           Power        Failure   Level  Hunger
a - Beastly Appendage     Tmut           #.....       8%          1    #......

Your spell library contained the following spells:

 Spells                   Type           Power        Failure   Level  Hunger
 Sticks to Snakes         Tmut           #.......     12%         2    ###....
 Spider Form              Tmut/Pois      #.........   38%         3    ###....
 Ice Form                 Ice/Tmut       #.......     80%         4    #####..
 Blade Hands              Tmut           #.........   91%         5    ######.


Dungeon Overview and Level Annotations

Branches:
Dungeon (1/15)

Altars:


Innate Abilities, Weirdness & Mutations

You cannot wear armour.
You are incapable of wielding weapons or throwing items.
Your paws allow you to move quietly. (Stealth)
You have sharp claws.
You have razor-sharp teeth.
You have supernaturally acute eyesight. (SInv)
You are carnivorous and can eat meat at any time.
You cover ground quickly.
You are covered in fur. (AC +1)
You have a slow metabolism.
Your sharp claws are effective at attacking unaware monsters.
You have a pair of horns on your head.


Message History

The leopard gecko completely misses you.
You barely miss the leopard gecko.
You claw the leopard gecko, but do no damage.
The leopard gecko is severely wounded.
The leopard gecko completely misses you.
You scratch the leopard gecko.
The leopard gecko is almost dead.
Your transformation is almost over.
The leopard gecko bites you.
You closely miss the leopard gecko.
The leopard gecko is almost dead.
The leopard gecko closely misses you.
You scratch the leopard gecko but do no damage.
The leopard gecko is almost dead.
The leopard gecko bites you.
You barely miss the leopard gecko. Your bite misses the leopard gecko.
The leopard gecko is almost dead.
The leopard gecko misses you. The leopard gecko bites you.
Ouch! That really hurt!
You die...

#.'........
###........
##.(..#.. #.##.#..
#.##.#..
###########.##.#..
#...........##.#..
#.##........##.#.#
#@##........##.#.#
#l##........##.#.#
#.##........##.#.#
#..+.........#.#.#
####.........#.#.#
#.........#.#.#
#########.#.#.#
#.#.#.# #.#.#.#


You could see a leopard gecko.

Vanquished Creatures
  A dart slug (D:1)
  A ball python (D:1)
  A bat (D:1)
  A goblin (D:1)
4 creatures vanquished.

Notes
Turn   | Place    | Note
-------+----------+-------------------------------------------
     0 | D:1      | MisterFreud the Felid Transmuter began the quest for the
                  | Orb.
     0 | D:1      | Reached XP level 1. HP: 9/9 MP: 4/4
   246 | D:1      | Slain by a leopard gecko

Levels and vault maps discovered:
D:1:      saegor_arrival_simple_e, layout_basic

Action                   || total
-------------------------++-------
Melee: Unarmed           ||    16
       Punch             ||     2
       Headbutt          ||     1
       Bite              ||     1
 Cast: Beastly Appendage ||     1
 Stab: Sleeping          ||     2
  Eat: Chunk             ||     1
Dodge: Dodged            ||    10

Table legend:
 A = Non-vault XP
 B = Vault XP
 C = Vault XP percentage of total XP
 D = Non-vault monster count
 E = Vault monster count
 F = Vault count percentage of total count
                 A         B        C        D         E       F
            +---------+---------+-------+---------+---------+-------
      Total |      10 |       0 |   0.0 |       4 |       0 |   0.0
            +---------+---------+-------+---------+---------+-------
        D:1 |      10 |       0 |   0.0 |       4 |       0 |   0.0
            +---------+---------+-------+---------+---------+-------
